Map: Ley Lines

Players

KimChiLoVer - Winner!

  • Race: Terran Terran
  • Spawn Location: 1:00

VOD

Have the link to the VOD?

Description

Time

  • Played on: Aug. 9, 2025, 12:57 p.m.
  • Length: 10:08
Show
View Real Time Build Order
Export as new Build Order

KimChiLoVer Terran - Winner!

Build Orders: Reaper Expand 

Get SALT Encoding   

  12  0:03  SCV  
  12  0:15  SCV  
  12  0:19  Supply Depot  
  12  0:27  SCV  
  12  0:40  SCV  
  12  0:41  Barracks  
  12  0:45  Refinery  
  12  0:52  SCV  
  12  1:04  SCV  
  12  1:16  SCV  
  12  1:28  Orbital Command  
  12  1:30  Reaper  
  12  1:40  Command Center  
  12  1:49  Supply Depot  
  12  1:55  SCV  
  12  2:02  Marine  
  12  2:05  Factory  
  12  2:08  Refinery  
  12  2:10  SCV  
  12  2:22  SCV  
  12  2:23  Barracks Reactor  
  12  2:34  SCV  
  12  2:37  Barracks  
  12  2:41  Barracks  
  12  2:46  SCV  
  12  2:51  Orbital Command  
  12  2:57  Factory Tech Lab  
  12  3:02  Marine x2  
  12  3:04  SCV  
  12  3:19  SCV  
  12  3:22  SCV  
  12  3:30  Command Center  
  12  3:42  Starport  
  12  3:43  Marine  
  12  3:44  Stimpack  
  12  3:46  Factory Reactor  
  12  3:48  SCV  
  12  3:50  SCV  
  12  3:56  Marine x2  
  12  3:57  Marine  
  12  4:01  SCV  
  12  4:02  Supply Depot  
  12  4:04  SCV  
  12  4:11  Engineering Bay  
  12  4:16  Engineering Bay, SCV  
  12  4:18  SCV  
  12  4:24  Marine x2  
  12  4:28  SCV  
  12  4:34  Medivac x2  
  12  4:35  Marine  
  12  4:41  Supply Depot  
  12  4:43  Factory Tech Lab, Supply Depot  
  12  4:45  Terran Infantry Weapons Level 1  
  12  4:48  Terran Infantry Armor Level 1  
  12  4:50  SCV  
  12  4:52  SCV  
  12  4:59  Orbital Command  
  12  5:01  Marine x2  
  12  5:08  Barracks  
  12  5:12  SCV  
  12  5:13  SCV, Barracks  
  12  5:19  Marine x4  
  12  5:24  SCV  
  12  5:26  Siege Tank  
  12  5:30  SCV  
  12  5:31  Combat Shield  
  12  5:36  SCV  
  12  5:37  Marine x2  
  12  5:42  Armory  
  12  5:43  Barracks Reactor  
  12  5:47  SCV  
  12  5:48  SCV  
  12  5:49  Refinery  
  12  5:52  Refinery  
  12  5:53  SCV  
  12  5:57  Medivac  
  12  5:59  SCV  
  12  6:01  SCV  
  12  6:07  Orbital Command, Barracks Tech Lab x2  
  12  6:13  SCV  
  12  6:14  Marine x2  
  12  6:15  Barracks, Marine  
  12  6:16  Barracks  
  12  6:17  Barracks  
  12  6:22  Supply Depot  
  12  6:25  Supply Depot, SCV  
  12  6:26  SCV  
  12  6:27  Supply Depot  
  12  6:32  Marine  
  12  6:35  SCV  
  12  6:37  SCV  
  12  6:39  SCV  
  12  6:44  Command Center, Marine  
  12  6:46  Concussive Shells  
  12  6:47  SCV  
  12  6:49  Terran Infantry Weapons Level 2  
  12  6:50  SCV  
  12  6:52  Terran Infantry Armor Level 2  
  12  6:59  SCV  
  12  7:04  Marine x3  
  12  7:05  Marine x4  
  12  7:06  Siege Tank  
  12  7:23  SCV x3  
  12  7:25  Refinery  
  12  7:26  Marauder x2, Marine x4  
  12  7:27  Refinery  
  12  7:28  Barracks Tech Lab x2  
  12  7:32  Barracks Reactor  
  12  7:39  Siege Tank, Supply Depot  
  12  7:41  Supply Depot  
  12  7:44  Supply Depot  
  12  7:46  Viking x2  
  12  7:51  Starport  
  12  7:54  Marauder x2, Marine x2  
  12  7:55  SCV  
  12  7:57  SCV  
  12  8:00  Orbital Command  
  12  8:02  SCV  
  12  8:06  Supply Depot  
  12  8:07  SCV  
  12  8:10  Marauder, Marine x3  
  12  8:15  Supply Depot  
  12  8:16  Marine x2  
  12  8:20  Viking  
  12  8:34  Siege Tank  
  12  8:35  Starport Reactor  
  12  8:41  SCV  
  12  8:47  Supply Depot  
  12  8:49  Marauder, Marine x2  
  12  8:50  Marine x4, Marauder  
  12  8:51  SCV x2  
  12  8:53  Viking  
  12  8:54  Medivac  
  12  8:56  Marine x3  
  12  9:05  Supply Depot  
  12  9:07  Siege Tank, Marine  
  12  9:08  Orbital Command, Command Center  
  12  9:21  Supply Depot  
  12  9:22  Marauder x2, Marine x3  
  12  9:27  Medivac  
  12  9:28  Medivac  
  12  9:29  Viking  
  12  9:31  SCV x2  
  12  9:37  SCV x2  
  12  9:43  SCV  
  12  9:45  Marine x6  
  12  9:46  Marine x3  
Tags
 
Add a new tag
Caveats
  • Supply blocks, unpowered buildings, or Contaminate may cause inaccurate times.
  • Supply counts are checked every 10 seconds.